 Dungeon Crawl Stone Soup version 0.28.0-53-g5a82cb258f (webtiles) character file.

Game seed: 11008551921362471790

32 pkoi the Insei (level 2, -2/24 HPs)
             Began as a Demigod Gladiator on June 6, 2022.
             Slain by a goblin
             ... wielding a +0 dagger
             ... led by Robin
              (5 damage)
             ... on level 1 of the Dungeon.
             The game lasted 00:00:54 (1330 turns).

pkoi the Insei (Demigod Gladiator)                  Turns: 1330, Time: 00:00:54

Health: -2/24      AC:  4    Str: 15    XL:     2   Next: 93%
Magic:  4/4        EV: 12    Int: 10    God:
Gold:   55         SH:  0    Dex: 15    Spells: 1/1 levels left

rFire   . . .      SeeInvis .     - Unarmed
rCold   . . .      Faith    .   (no shield)
rNeg    . . .      Spirit   .   a - +0 leather armour
rPois   .          Reflect  .   b - +0 helmet
rElec   .          Harm     .   (no cloak)
rCorr   .          Rampage  .   (no gloves)
Will    .....                   (no boots)
Stlth   +.........              (no amulet)
HPRegen 0.08/turn               (no ring)
MPRegen 0.09/turn               (no ring)

@: no status effects
A: high MP 1, forlorn, divine attributes
a: no special abilities


You were on level 1 of the Dungeon.
You visited 1 branch of the dungeon, and saw 2 of its levels.

You collected 55 gold pieces.

Inventory:

Hand Weapons
 d - a +0 dagger of chaos
 e - a +0 dagger
Missiles
 c - 3 throwing nets (quivered)
 f - 2 boomerangs
Armour
 a - a +0 leather armour (worn)
 b - a +0 helmet (worn)


   Skills:
 - Level 1.7 Fighting
 - Level 1.7 Throwing
 - Level 2.6 Dodging
 + Level 3.9 Unarmed Combat


You had one spell level left.
You didn't know any spells.
Your spell library was empty.

Dungeon Overview and Level Annotations

Branches:
Dungeon (2/15)

Annotations:
D:1 Robin
D:2 Natasha


Innate Abilities, Weirdness & Mutations

You have an increased reservoir of magic. (+10% MP)
You shall have no god before yourself.
Your divine heritage dramatically boosts your attributes as you level up.


Message History

Done waiting.
There is a stone staircase leading down here.
You climb downwards.
Level annotation: Robin The goblin shouts!
Natasha hisses angrily.
The adder bites you. The goblin hits you with a +0 dagger.
* * * LOW HITPOINT WARNING * * *
The goblin hits you but does no damage. The adder bites you.
* * * LOW HITPOINT WARNING * * *
A rat comes into view.
The goblin closely misses you.
The goblin hits you but does no damage. x2
Found a glimmering mace.
Found a stone staircase leading up.
There is a stone staircase leading up here.
The adder bites you but does no damage. The goblin hits you with a +0 dagger.
* * * LOW HITPOINT WARNING * * *
The adder bites you but does no damage. The goblin hits you but does no damage.
Robin throws the goblin at you!
* * * LOW HITPOINT WARNING * * *
The goblin hits you but does no damage.
You climb upwards.
There is a stone staircase leading down here.
Unknown command.
As you read the scroll labelled LUGUCO ENUIH, it crumbles to dust.
You feel momentarily disoriented.
It was a scroll of magic mapping.
The goblin closely misses you. The adder bites you but does no damage.
The goblin closely misses you. The goblin hits you with a +0 dagger.
* * * LOW HITPOINT WARNING * * *
Robin points. "Kill!"
Robin roars a battlecry!
The goblins go into a battle-frenzy!
As you read the scroll labelled YRIRGH POROIMM, it crumbles to dust.
It is a scroll of brand weapon.
Your +0 dagger erupts in a glittering mayhem of colour.
d - a +0 dagger of chaos The adder bites you.
* * * LOW HITPOINT WARNING * * *
The goblin hits you with a +0 dagger.
* * * LOW HITPOINT WARNING * * *
The goblin hits you but does no damage. The goblin hits you with a +0 dagger.
You die...

..............##........#######..
......#.##.......................
#.....#.####.....................
#.....#.# #.....####...........#
#.....#.# #.....# #...........#
#.....#.# #.....# #...........#
#.....#.# #.....# #...#########
#.....#.####...Sg# #####
#.....#..(.....g@#
#.....######...gg# ###'###
#####.# #.# #.# #.# #.#
#.############.# #..............#
################


You could see Robin, an adder and 3 goblins.

Vanquished Creatures
  A dart slug (D:1)
  3 ball pythons (D:1)
  An endoplasm (D:1)
  8 goblins (D:1)
  2 hobgoblins (D:1)
  4 jackals (D:1)
  3 bats (D:1)
  A frilled lizard (D:1)
  2 kobolds (D:1)
  A rat (D:1)
26 creatures vanquished.

Notes
Turn   | Place    | Note
-------+----------+-------------------------------------------
     0 | D:1      | pkoi the Demigod Gladiator began the quest for the Orb.
     0 | D:1      | Reached XP level 1. HP: 17/17 MP: 3/3
    74 | D:1      | Reached skill level 3 in Unarmed Combat
   153 | D:1      | Reached XP level 2. HP: 23/24 MP: 4/4
   766 | D:2      | Noticed Robin
  1326 | D:2      | Noticed Natasha
  1330 | D:1      | Slain by a goblin

Illustrated notes

Levels and vault maps discovered:
D:1:      amcnicky_arrival_feature_with_door, layout_basic,
          ebering_ecumenical_altar_rust
D:2:      layout_loops_cross, bh_walls_and_bars, uniq_robin, uniq_natasha,
          uniq_sigmund

Skill      XL: |  1 |
---------------+----+-----
Unarmed Combat | 3 |  3.9
Fighting       | |  1.7
Throwing       | |  1.7
Dodging        | |  2.6

Action                   || total
-------------------------++-------
Melee: Unarmed           ||    67
       Punch             ||     3
  Use: Scroll            ||     3
Armor: Leather armour    ||    29
Dodge: Dodged            ||    38
